Map: Eternal Empire LE

Players

IronMaiden - Winner!

  • Race: Protoss Protoss
  • League: Diamond
  • Spawn Location: 7:00

RyuKey

  • Race: Terran Terran
  • League: Diamond
  • Spawn Location: 1:00

VOD

Have the link to the VOD?

Description

Time

  • Played on: June 21, 2020, 10:22 a.m.
  • Length: 2:54
Show
View Real Time Build Order
Export as new Build Order

IronMaiden Protoss - Winner!

Build Orders:  

Get SALT Encoding   

  12  0:03  Probe  
  13  0:15  Probe  
  14  0:22  Pylon  
  14  0:27  Probe  
  15  0:40  Probe  
  15  0:42  Gateway  
  16  0:52  Gateway  
  16  0:57  Probe  
  16  0:58  Assimilator  
  17  1:07  Probe  
  18  1:17  Probe  
  18  1:19  Pylon  
  19  1:33  Cybernetics Core  
  19  1:39  Probe  
  20  1:52  Probe  
  20  2:04  Probe  
  21  2:10  Stalker x2  
  25  2:16  Shield Battery  
  25  2:18  Pylon  
  25  2:21  Shield Battery  
  25  2:34  Shield Battery  
Show
View Real Time Build Order
Export as new Build Order

RyuKey Terran 

Build Orders:  

Get SALT Encoding   

  12  0:02  SCV  
  13  0:20  Supply Depot  
  13  0:42  Barracks  
  13  0:51  Barracks  
  13  1:08  Barracks, SCV  
  14  1:20  SCV  
  15  1:30  Refinery  
  15  1:32  SCV  
  17  1:35  Marine  
  17  1:38  Marine  
  18  1:44  Supply Depot  
  18  1:53  Marine  
  20  1:55  Marine x2  
  21  2:11  Marine  
  21  2:13  Marine x2  
  24  2:24  Refinery  
  24  2:29  Marine  
  25  2:31  Marine  
  25  2:35  Marine  
  27  2:42  Bunker  
Tags
 
Add a new tag
Caveats
  • Supply blocks, unpowered buildings, or Contaminate may cause inaccurate times.
  • Supply counts are checked every 10 seconds.